 Dungeon Crawl Stone Soup version 0.30.0-29-ga12c61a403 (webtiles) character file.

Game seed: 2966798327734929210

298 Sabo the Gusty (level 6, 0/47 HPs)
             Began as a Draconian Air Elementalist on June 15, 2023.
             Was an Initiate of Qazlal.
             Killed by nerve-wracking pain
             ... invoked by a shadow imp
              (11 damage)
             ... on level 5 of the Dungeon.
             The game lasted 00:22:09 (5703 turns).

Sabo the Gusty (Draconian Air Elementalist)         Turns: 5703, Time: 00:22:09

Health: 0/47       AC:  7    Str: 11    XL:     6   Next: 13%
Magic:  10/10      EV: 12    Int: 17    God:    Qazlal [......]
Gold:   199        SH:  0    Dex: 11    Spells: 8/11 levels left

rFire   . . .        c - +0 hand axe
rCold   . . .        (no shield)
rNeg    . . .        (body armour unavailable)
rPois   .            (helmet restricted)
rElec   .            (no cloak)
rCorr   .            n - +0 pair of gloves
SInv    .            (no boots)
Will    .....        (no amulet)
Stlth   ++           p - ring of wizardry
HPRegen 0.27/turn    (no ring)
MPRegen 0.12/turn

%: wizardry (x1)
@: no status effects
A: AC +6, unfitting armour, cold-blooded
a: Renounce Religion


You were on level 5 of the Dungeon.
You worshipped Qazlal.
Qazlal was noncommittal.
You visited 1 branch of the dungeon, and saw 5 of its levels.

You collected 199 gold pieces.

Inventory:

Hand Weapons
 c - a +0 hand axe (weapon)
 l - a +0 quarterstaff
Missiles
 d - 2 atropa-tipped darts
Armour
 n - a +0 pair of gloves (worn)
Jewellery
 p - a ring of wizardry (left hand)
Scrolls
 b - 3 scrolls of teleportation
 f - a scroll of magic mapping
 i - 2 scrolls of poison
 m - 2 scrolls of enchant weapon {unknown}
 o - a scroll of immolation {unknown}
Potions
 a - 2 potions of magic
 g - a potion of berserk rage {unknown}
 j - a potion of haste {unknown}
 k - 2 potions of cancellation {unknown}
 q - a potion of resistance {unknown}
 r - a potion of lignification {unknown}
 s - a potion of attraction {unknown}


   Skills:
 + Level 1.6 Fighting
 + Level 2.4 Axes
 + Level 2.8 Dodging
 + Level 2.1 Stealth
 + Level 3.1 Spellcasting
 + Level 2.2 Conjurations
 + Level 4.1 Air Magic


You had 8 spell levels left.
You knew the following spells:

 Your Spells              Type           Power      Damage    Failure   Level
a - Shock                 Conj/Air       52%        1d6       1%          1
b - Static Discharge      Conj/Air       26%        2-4/arc   2%          2

Your spell library contained the following spells:

 Spells                   Type           Power      Damage    Failure   Level
 Swiftness                Air            16%        N/A       4%          3
 Dazzling Flash           Conj/Hex       12%        N/A       13%         3
 Airstrike                Air            8%         2d(2-18)  13%         4
 Gell's Gravitas          Tloc           2%         N/A       21%         3
 Teleport Other           Tloc           2%         N/A       21%         3
 Silence                  Hex/Air        4%         N/A       61%         5
 Agony                    Necr           2%         N/A       86%         5
 Dispersal                Tloc           1%         N/A       100%        6


Dungeon Overview and Level Annotations

Branches:
Dungeon (5/15)
 Temple: D:4-7

Altars:
Ashenzari
Gozag
Qazlal


Innate Abilities, Weirdness & Mutations

Your plain brown scales are hard. (AC +6)
You cannot fit into any form of body armour.
You are cold-blooded and may be slowed by cold attacks.


Message History

The shadow imp hits you but does no damage.
Something hits you. Something hits you. The shadow imp barely misses you.
Something hits you.
You hit something. You completely miss the shadow imp.
The shadow imp hits you but does no damage.
Something hits you but does no damage.
You hit something.
You hit the shadow imp but do no damage.
The shadow imp hits you but does no damage.
You hear some strange, mumbled words.
A magic dart appears from out of thin air!
The magic dart hits you.
You hit something. Qazlal accepts your kill.
Reactivating autopickup.
You feel a bit more experienced.
You closely miss the shadow imp. The shadow imp gestures at you.
You barely resist. The shadow imp closely misses you.
Things that are here:
a +0 dagger; a +0 robe; an orc corpse The shadow imp gestures at you.
You barely resist. The shadow imp gestures at you.
Pain shoots through your body!
* * * LOW HITPOINT WARNING * * *
Things that are here:
a +0 dagger; a +0 robe; an orc corpse You hit the shadow imp but do no damage.
The shadow imp is moderately wounded.
The shadow imp barely misses you. The shadow imp misses you.
You hit the shadow imp but do no damage.
The shadow imp is moderately wounded.
The shadow imp barely misses you.
You hit the shadow imp but do no damage.
The shadow imp is moderately wounded.
The shadow imp gestures at you. Pain shoots through your body!
You die...

#........###.#...P# ...
#........#...#_.⌠.+ ....
#.................#.....
#..#..........P_...#.....
#. ##...#.#...##..##.....
# ##.##.<#..#####....#
#.........##.....###
....#..###..).......#.
.....#..###...@........
#... #..#.=...5........
..........##......
..#............... #
#..#............
..?.#.##.........
....#..##.#..#... ## ..
.#....[. ##. .. ...


You could see a shadow imp.

Vanquished Creatures
  4 hounds
  A jelly (D:4)
  An orc wizard (D:5)
  4 adders
  A shadow imp (D:5)
  2 worms
  A dart slug (D:1)
  5 orcs
  5 ball pythons
  3 bats
  5 endoplasms
  5 giant cockroaches
  7 goblins
  8 hobgoblins
  3 jackals (D:4)
  2 quokkas
  A frilled lizard (D:2)
  5 kobolds
  6 rats
69 creatures vanquished.

Notes
Turn   | Place    | Note
-------+----------+-------------------------------------------
     0 | D:1      | Sabo the Draconian Air Elementalist began the quest for the
                  | Orb.
     0 | D:1      | Reached XP level 1. HP: 14/14 MP: 3/3
   312 | D:1      | Reached XP level 2. HP: 11/20 MP: 5/5
  1346 | D:2      | Reached XP level 3. HP: 26/26 MP: 0/6
  2789 | D:3      | Learned a level 2 spell: Static Discharge
  2834 | D:3      | Reached skill level 1 in Axes
  3364 | D:3      | Reached XP level 4. HP: 14/33 MP: 7/7
  4893 | D:4      | Reached skill level 1 in Fighting
  4893 | D:4      | Reached XP level 5. HP: 35/40 MP: 4/9
  4968 | D:4      | Reached skill level 4 in Air Magic
  5495 | D:5      | Entered Level 5 of the Dungeon
  5643 | D:5      | Found a stormy altar of Qazlal.
  5644 | D:5      | Found an opulent altar of Gozag.
  5650 | D:5      | Found a broken altar of Ashenzari.
  5653 | D:5      | Became a worshipper of Qazlal Stormbringer
  5675 | D:5      | Reached XP level 6. HP: 41/47 MP: 10/10
  5703 | D:5      | Killed from afar by a shadow imp

Illustrated notes

Levels and vault maps discovered:
D:1:      elethiomel_arrival_quiet, layout_loops_cross
D:2:      layout_basic
D:3:      layout_loops_ring
D:4:      layout_cave_pools
D:5:      layout_cave_pools, nemelex_dance_club_becter,
          gammafunk_temple_overflow_forgotten, led_xom_imps,
          grunt_decor_one_mirror, grunt_decor_arrowhead,
          amcnicky_mini_pool_small, corexii_item_surrounded_by_moat,
          reono_crystal_passage, uniq_pikel

Skill      XL: |  1  2  3  4  5 |
---------------+----------------+-----
Axes           | 1 2 |  2.4
Dodging        | 2 |  2.8
Fighting       | 1 |  1.6
Conjurations   | 2 |  2.2
Stealth        | 2 |  2.1
Spellcasting   | 3 |  3.1
Air Magic      | 4 |  4.1

Action                     |  1- 3 |  4- 6 || total
---------------------------+-------+-------++-------
  Melee: Hand axe          |    53 |   126 ||   179
         Tailslap          |     8 |    12 ||    20
         Punch             |       |     2 ||     2
   Cast: Shock             |    67 |    40 ||   107
    Use: Scroll            |     2 |     2 ||     4
   Stab: Sleeping          |     1 |       ||     1
 Armour: Skin              |    23 |    55 ||    78
  Dodge: Dodged            |    51 |   117 ||   168
